 Dungeon Crawl Stone Soup version 0.17-a0-1-g1f4be75 (webtiles) character file.

101 vatarom the Ruffian (level 4, -3/38 HPs)
             Began as a Draconian Transmuter on Mar 8, 2015.
             Was a Follower of Cheibriados.
             Slain by a gnoll
             ... wielding a +0 halberd
              (6 damage)
             ... on level 3 of the Dungeon.
             The game lasted 00:06:26 (2448 turns).

vatarom the Ruffian (Draconian Transmuter)          Turns: 2448, Time: 00:06:27

Health: -3/38      AC:  5    Str: 15    XL:     4   Next: 48%
Magic:  4/7        EV: 12    Int: 16    God:    Cheibriados [*.....]
Gold:   148        SH:  0    Dex: 13    Spells: 3 memorised, 1 level left

rFire  x . .     SeeInvis .     b - 28 arrows
rCold  + . .     Clarity  .     (armour unavailable)
rNeg   + . .     SustAb   .     (no shield)
rPois  .         Gourm    .     (helmet restricted)
rElec  .         Spirit   .     (no cloak)
rCorr  .         Warding  .     (no gloves)
rMut   .         Stasis   .     (no boots)
MR     .....                    (no amulet)
Stlth  +.........               j - ring of ice
                                l - ring of positive energy

@: exhausted, very slow, not resistant to hostile enchantments, very unstealthy
A: unfitting armour, cold-blooded, AC +5
a: Bend Time, Renounce Religion


You were on level 3 of the Dungeon.
You worshipped Cheibriados.
Cheibriados was aware of your devotion.
You were very hungry.

You visited 1 branch of the dungeon, and saw 3 of its levels.

You collected 148 gold pieces.

Inventory:

Missiles
 b - 28 arrows (in hand)
 e - 15 arrows of frost
Jewellery
 f - an uncursed ring of ice
 h - an uncursed ring of teleportation
 j - a ring of ice (right hand)
 l - a ring of positive energy (left hand)
Potions
 g - a potion of brilliance
Books
 d - a book of Changes

   Spells                             Type                      Level
   a - Beastly Appendage              Transmutation                1
   b - Sticks to Snakes               Transmutation                2
   c - Spider Form                    Transmutation/Poison         3
   d - Ice Form                       Ice/Transmutation            4
   e - Blade Hands                    Transmutation                5
Comestibles
 a - 3 bread rations


   Skills:
 + Level 3.5 Fighting
 - Level 1.7 Dodging
 + Level 4.2 Unarmed Combat
 - Level 2.0 Spellcasting
 - Level 2.0 Transmutations


You had one spell level left.
You knew the following spells:

 Your Spells              Type           Power        Failure   Level  Hunger
a - Beastly Appendage     Trmt           #.....       10%         1    #......
b - Sticks to Snakes      Trmt           #.........   14%         2    ###....
c - Spider Form           Trmt/Pois      #.........   38%         3    ###....


Dungeon Overview and Level Annotations

Branches:
Dungeon (3/15)

Altars:
Cheibriados
Gozag


Innate Abilities, Weirdness & Mutations

Your plain brown scales are hard (AC +5).
Your body does not fit into most forms of armour.
Your cold-blooded metabolism reacts poorly to cold.


Message History

The gnoll hits you from afar with a halberd!
* * * LOW HITPOINT WARNING * * *
Read which item? (? for menu, Esc to quit)
Okay, then.
Drink which item? (? for menu, Esc to quit)
You feel better.
The gnoll hits you from afar with a halberd.
The gnoll hits you from afar with a halberd!
* * * LOW HITPOINT WARNING * * *
Drink which item? (? for menu, Esc to quit)
You don't have any such object.
Drink which item? (? for menu, Esc to quit)
You don't have any such object.
Drink which item? (? for menu, Esc to quit)
It was a potion of cancellation.
Your magical effects are unravelling.
You feel magically purged.
You feel yourself speed up.
The gnoll hits you from afar with a halberd.
You die...

# #..gS....#.##.###.# #....
###.######........# ##### #(#
####.##### # ##'## #...# #
##..(## #...# # ##.....## #...#
### # #.......## #..## ##.###
#.........####g..###########...##
+.........')g.g.@..(......)).....
#.........####...###########...##
#.......## #.....# ##.###
#.....## #####.# ##### ....## #†#
#... #+# #.# #.## #.# #.# #.# #.#
#.# #.##


You could see 3 gnolls.

Vanquished Creatures
  An adder (D:2)
  2 worms
  2 giant geckos
  14 orcs (D:3)
  A ball python (D:3)
  3 bats
  9 giant cockroaches
  5 goblins
  3 hobgoblins
  6 kobolds
  2 quokkas (D:2)
  5 giant newts
  5 rats
58 creatures vanquished.

Vanquished Creatures (collateral kills)
  An adder (D:2)
  A hobgoblin (D:2)
2 creatures vanquished.

Grand Total: 60 creatures vanquished

Notes
Turn   | Place    | Note
--------------------------------------------------------------
     0 | D:1      | vatarom, the Draconian Transmuter, began the quest for the Orb.
     0 | D:1      | Reached XP level 1. HP: 16/16 MP: 3/3
   510 | D:1      | Reached XP level 2. HP: 19/24 MP: 2/4
   516 | D:1      | Learned a level 2 spell: Sticks to Snakes
   973 | D:2      | Reached XP level 3. HP: 21/30 MP: 4/6
  1092 | D:2      | Learned a level 3 spell: Spider Form
  1722 | D:3      | Reached skill level 4 in Unarmed Combat
  1841 | D:3      | Found an opulent altar of Gozag.
  1842 | D:3      | Found a snail-covered altar of Cheibriados.
  1851 | D:3      | Became a worshipper of Cheibriados the Contemplative
  1988 | D:3      | Reached XP level 4. HP: 28/38 MP: 0/7
  2441 | D:3      | Acquired Cheibriados' first power
  2448 | D:3      | Slain by a gnoll

Action                   |  1- 3 |  4- 6 || total
-------------------------+-------+-------++-------
Melee: Unarmed           |   166 |    59 ||   225
 Cast: Beastly Appendage |    12 |     3 ||    15
       Sticks to Snakes  |     2 |     3 ||     5
       Spider Form       |     3 |     1 ||     4
  Use: Potion            |     4 |     4 ||     8
       Scroll            |     6 |       ||     6
 Stab: Sleeping          |     1 |       ||     1
  Eat: Bread ration      |     1 |       ||     1
       Beef jerky        |     1 |       ||     1
